[Event "Charlotte CC Fall GM-ALTO 2024"]
[Site "Charlotte"]
[Date "2024.11.26"]
[Round "8.3"]
[White "Griffith, Kyron"]
[Black "Fernandez, Daniel Howard"]
[Result "1/2-1/2"]
[ECO "B56"]
[WhiteElo "2407"]
[BlackElo "2503"]
[Annotator "RC"]
[PlyCount "196"]
[EventDate "2024.11.22"]
[EventType "tourn"]
[EventCountry "USA"]
[SourceTitle "playchess.com"]
[Source "ChessBase"]
[SourceQuality "1"]
[TimeControl "5400+30"]

1. e4 c5 2. Nf3 d6 3. d4 cxd4 4. Nxd4 Nf6 5. Nc3 Nc6 6. f3 e5 7. Nb3 Be6 8. Be3 Be7 9. Qe2 a5 10. O-O-O a4 11. Nc5 a3 12. b3 Qc8 13. Nxe6 fxe6 14. Qc4 Kf7 15. Be2 Nb4 16. Kb1 Rd8 17. Nb5 Nc6 18. c3 d5 19. exd5 exd5 20. Qd3 Kg8 21. g4 Kh8 22. g5 Nh5 23. g6 d4 24. Bc1 h6 25. Rhg1 Nf4 26. Bxf4 exf4 27. cxd4 Bf6 28. Qc4 Qf5+ 29. Qc2 Qh5 30. Rg4 Ra5 31. Qc4 Qxh2 32. Rgg1 Rxb5 33. Qxb5 Nxd4 34. Qd3 Re8 35. Rge1 Nxe2 36. Rc1 Nc3+ 37. Qxc3 Rg8 38. Qc2 Qg3 39. Qd3 b5 40. Re2 b4 41. Rce1 Bc3 42. Rd1 Bf6 43. Qe4 Qg5 44. Rc2 Bc3 45. Qe6 Rf8 46. Re2 Bf6 47. Qe4 Rg8 48. Rc2 Bc3 49. Rf1 Qd8 50. Re2 Bf6 51. Rc1 Qd6 52. Rec2 Bc3 53. Re2 Qd7 54. Rh1 Bf6 55. Rc1 Bc3 56. Rh1 Bf6 57. Rc2 Qd6 58. Re1 Bc3 59. Qe6 Qd8 60. Rh1 Rf8 61. Qe4 Qd7 62. Re2 Rg8 63. Rc2 Rf8 64. Re2 Rg8 65. Rc1 Qd6 66. Rh2 Qd7 67. Re2 Qd6 68. Rh1 Qd7 69. Qxf4 Qd3+ 70. Rc2 Qxg6 71. Qg4 Kh7 72. Qxg6+ Kxg6 73. Rg2+ Kh7 74. Kc2 Rf8 75. Rh3 Rf5 76. Kd3 g5 77. Rgh2 Bg7 78. Kc4 Rf4+ 79. Kb5 Kg6 80. Rc2 Bc3 81. Rch2 Bg7 82. Rc2 h5 83. Rc4 Rxc4 84. Kxc4 Bc3 85. Kd3 g4 86. fxg4 hxg4 87. Rh1 Kf5 88. Ke3 Bf6 89. Rh7 Bg5+ 90. Kf2 Bf4 91. Rb7 Bd2 92. Ke2 Bc3 93. Ke3 Kg5 94. Rb5+ Kh4 95. Kf2 Bd4+ 96. Kg2 Bc3 97. Rd5 Bf6 98. Rc5 Bd4 1/2-1/2

[Event "Charlotte CC Fall GM-ALTO 2024"]
[Site "Charlotte"]
[Date "2024.11.26"]
[Round "8.4"]
[White "Williams, Justus"]
[Black "Stefanov, Emil"]
[Result "0-1"]
[ECO "A09"]
[WhiteElo "2355"]
[BlackElo "2362"]
[Annotator "RC"]
[PlyCount "84"]
[EventDate "2024.11.22"]
[EventType "tourn"]
[EventCountry "USA"]
[SourceTitle "playchess.com"]
[Source "ChessBase"]
[SourceQuality "1"]
[TimeControl "5400+30"]

1. Nf3 d5 2. g3 Nf6 3. c4 d4 4. Bg2 c5 5. e3 Nc6 6. exd4 cxd4 7. d3 Nd7 8. Nbd2 e5 9. O-O Be7 10. Ne1 O-O 11. Nc2 a5 12. Re1 f5 13. Nf3 Bf6 14. h4 Nc5 15. Ng5 Bxg5 16. Bxg5 Qd6 17. Na3 Rf7 18. Nb5 Qf8 19. Bd5 Be6 20. a3 h6 21. Bc1 Rd8 22. Bxe6 Nxe6 23. f4 e4 24. dxe4 fxe4 25. Rxe4 Nc5 26. Re1 a4 27. Bd2 Nb3 28. Qe2 d3 29. Qf2 Nxa1 30. Rxa1 Re7 31. Be3 Qe8 32. Re1 Nd4 33. Nc7 Ne2+ 34. Qxe2 Rxc7 35. Qd2 Qg6 36. Bf2 Rxc4 37. Qa5 b6 38. Qd2 Rc2 39. Qe3 d2 40. Rd1 Qg4 41. Kh2 Qxd1 42. Qe7 Qh1+ 0-1

[Event "Charlotte CC Fall GM-ALTO 2024"]
[Site "Charlotte"]
[Date "2024.11.26"]
[Round "8.5"]
[White "Mitrabha, Guha"]
[Black "Padmini, Rout"]
[Result "1-0"]
[ECO "A16"]
[WhiteElo "2511"]
[BlackElo "2334"]
[Annotator "TA"]
[PlyCount "109"]
[EventDate "2024.11.22"]
[EventType "tourn"]
[EventCountry "USA"]
[SourceTitle "playchess.com"]
[Source "ChessBase"]
[SourceQuality "1"]
[TimeControl "5400+30"]

1. Nf3 Nf6 2. c4 g6 3. Nc3 Bg7 4. g3 d5 5. cxd5 Nxd5 6. Bg2 Nb6 7. d3 Nc6 8. Be3 O-O {[%emt 0:01:28] A16: English Opening: 1...Nf6 with ...d5.} 9. Rc1 e5 10. Qd2 Nd4 11. Bh6 Re8 12. h4 Bxh6 13. Qxh6 Nf5 14. Qg5 $146 ({Predecessor:} 14. Qd2 h5 15. Qg5 Qxg5 16. hxg5 Nd6 17. Nd2 c6 18. Nde4 Nxe4 19. Nxe4 Re7 20. Kd2 {1-0 Talla,V (2367)-Dvorak,T (2331) CZE-chT 0304 2003 (11)}) 14... f6 15. Qd2 c6 16. Ne4 h5 17. Nc5 Kg7 18. e3 a5 19. O-O Nd6 20. Qc2 Be6 21. Rfd1 Bg4 22. Rd2 Qe7 23. Nh2 Bc8 24. Nf3 Nd7 25. Na4 b5 26. Nc5 (26. Qxc6 $2 Bb7 27. Qc2 Rec8 $19 (27... bxa4 $2 28. Qxa4 Nb6 29. Qb3 $19)) 26... Nxc5 27. Qxc5 Be6 28. a3 (28. Qxc6 $2 Rac8 (28... Bxa2 29. Qc7 $11) 29. Rdc2 Rxc6 $19) 28... Rac8 29. Rdc2 $1 a4 30. Nd2 Bd7 31. Qb4 Rc7 (31... Nf5 $16 {was called for.}) 32. Rc3 (32. Bxc6 $18 {is more deadly.} Bxc6 33. Rxc6) 32... Rec8 $16 33. Ne4 Nf5 34. Nc5 Be8 35. Kf1 Ra7 36. R3c2 Rd8 37. Kg1 Qd6 38. Qd2 Ne7 39. Rf1 Bf7 40. f4 (40. Rd1 $14) 40... exf4 (40... Nf5 $15) 41. Rxf4 $11 Qe5 (41... Nd5 $11 {keeps the balance.}) 42. Qf2 ({White should play} 42. d4 Qb8 43. Qf2) 42... Nf5 {[%emt 0:00:33] [#]} 43. Be4 (43. d4 $1 $16 Qe8 (43... Qxe3 $2 {loses.} 44. Rxf5 Qxd4 45. Rf4 $18) 44. Ne4) 43... Nd6 (43... Nh6 $1 $11 {remains equal.}) 44. Bg2 ({Better is} 44. Bxc6 $16 {Threatens to win with d4.} Rc8 45. Nd7) 44... Bd5 $2 {[%emt 0:00:39] [#]} (44... Nf5 $11 {and Black has nothing to worry.}) 45. e4 $1 $18 Bf7 46. Ne6+ Qxe6 (46... Bxe6 $142 47. Qxa7+ (47. d4 Nxe4 48. Rxe4 Qd5 $16) 47... Nf7) 47. Qxa7 $18 Nc8 48. Qe3 Qb3 $2 (48... Ne7 49. Rf3 Qd7) 49. Rxc6 $18 Rxd3 50. Qf2 Nd6 51. Rxf6 Bc4 52. e5 Qd1+ 53. Kh2 Rd2 54. Rc7+ Nf7 55. Rfxf7+ 1-0